 Dungeon Crawl Stone Soup version 0.30-a0-474-g5673dd7ce6 (webtiles) character file.

Game seed: 10406507511232700805

17608 Bnni the Carver (level 12, 0/107 HPs)
             Began as a White Draconian Gladiator on Dec 20, 2022.
             Was an Initiate of Gozag.
             Slain by a cyan very ugly thing (17 damage)
             ... summoned by a worldbinder
             ... on level 2 of the Abyss.
             The game lasted 00:28:59 (9653 turns).

Bnni the Carver (White Draconian Gladiator)         Turns: 9653, Time: 00:29:01

Health: 0/107      AC: 17    Str: 21    XL:     12   Next: 20%
Magic:  12/12      EV: 11    Int: 12    God:    Gozag
Gold:   1412       SH:  0    Dex: 16    Spells: 11/11 levels left

rFire   + . .      SeeInvis .    a - +3 double sword (holy)
rCold   + . .      Faith    .    u - +2 tower shield
rNeg    . . .      Spirit   .    (body armour unavailable)
rPois   .          Reflect  .    v - +1 hat
rElec   +          Harm     .    o - +0 cloak
rCorr   .          Rampage  +    y - +0 pair of gloves of Hangman {Rampage rF+}
Will    .....                    b - +1 pair of boots
Stlth   +.........               l - amulet of Deufois {rElec Regen+ Str+4}
HPRegen 0.00/turn                D - ring of wizardry
MPRegen 0.13/turn                L - +4 ring of protection

@: confused, gold aura, sick
A: breathe frost, AC +8, unfitting armour, cold resistance 1, cold-blooded,
stinger 1, clever 1
a: Breathe Frost, Renounce Religion, Potion Petition, Call Merchant, Bribe
Branch


You were on level 2 of the Abyss.
You worshipped Gozag.
Gozag was most pleased with you.
You visited 2 branches of the dungeon, and saw 12 of its levels.
You visited the Abyss 2 times.

You collected 4910 gold pieces.
You spent 781 gold pieces at shops.
You paid 2717 gold pieces to Gozag.

Inventory:

Hand Weapons
 a - a +3 double sword of holy wrath (weapon)
 i - a +1 scimitar of flaming
Missiles
 d - a javelin (quivered)
 J - a curare-tipped dart
Armour
 b - a +1 pair of boots (worn)
 o - a +0 cloak (worn)
 u - a +2 tower shield (worn)
 v - a +1 hat (worn)
 y - the +0 pair of gloves of Hangman (worn) {Rampage rF+}
   (You acquired it on level 4 of the Dungeon)

   rF:        It protects you from fire.
   Rampage:   It bestows one free step when moving towards enemies.
Jewellery
 l - the amulet of Deufois (around neck) {rElec Regen+ Str+4}
   (You bought it in a shop on level 4 of the Dungeon)

   [amulet of regeneration]

   Str:       It affects your strength (+4).
   rElec:     It insulates you from electricity.
   Regen:     It increases your rate of health regeneration.
 D - a ring of wizardry (left hand)
 L - a +4 ring of protection (right hand)
 M - a ring of flight
Wands
 g - a wand of flame (5)
 B - a wand of iceblast (9)
 F - a wand of mindburst (24)
Scrolls
 f - a scroll of vulnerability
 h - 5 scrolls of blinking
 k - 8 scrolls of teleportation
 p - 2 scrolls of enchant armour {unknown}
 q - 2 scrolls of poison {unknown}
 r - a scroll of magic mapping {unknown}
 s - 2 scrolls of amnesia {unknown}
 w - 2 scrolls of fear {unknown}
 A - a scroll of fog {unknown}
 H - 2 scrolls of noise {unknown}
 I - a scroll of silence
Potions
 e - 3 potions of lignification
 j - a potion of haste
 m - a potion of brilliance {unknown}
 n - 2 potions of flight
 t - 2 potions of ambrosia
 x - 2 potions of heal wounds
 C - 2 potions of curing
 E - 2 potions of cancellation
 G - a potion of attraction


   Skills:
 + Level 10.3 Fighting
 * Level 13.3 Long Blades
 - Level 1.7 Throwing
 - Level 4.0 Dodging
 * Level 12.1 Shields


You had 11 spell levels left.
You didn't know any spells.
Your spell library contained the following spells:

 Spells                   Type           Power      Damage    Failure   Level
 Foxfire                  Conj/Fire      0%         2x1d4     52%         1
 Ensorcelled Hibernation  Hex/Ice        0%         N/A       65%         2
 Kindle Blastsparks       Fire/Tloc/Air  0%         2d10      86%         3
 Spider Form              Tmut/Pois      0%         N/A       86%         3
 Anguish                  Hex/Necr       0%         N/A       99%         4
 Fulminant Prism          Conj/Hex       0%         3d5       99%         4
 Iskenderun's Mystic Bla  Conj/Tloc      0%         2d3       99%         4
 Fireball                 Conj/Fire      0%         3d3       100%        5
 Lee's Rapid Deconstruct  Erth           0%         3d4*      100%        5
 Yara's Violent Unravell  Hex/Tmut       0%         3d3       100%        5
 Starburst                Conj/Fire      0%         6d3       100%        6
 Enfeeble                 Hex            0%         N/A       100%        7


Dungeon Overview and Level Annotations

Branches:
Dungeon (11/15)            Temple (1/1) D:4            Lair (0/5) D:8
    Orc: D:9-12

Altars:
Ashenzari
Cheibriados
Dithmenos
Elyvilon
Fedhas
Gozag
Hepliaklqana
Kikubaaqudgha
Makhleb
Nemelex Xobeh
Okawaru
Qazlal
Ru
Sif Muna
Trog
Uskayaw
Vehumet
Wu Jian
Yredelemnul
Zin
The Shining One
Lugonu

Shops:
D:4 =   D:6 *   D:10 ?

Portals:
Abyss: D:10

Annotations:
D:11 Erolcha


Innate Abilities, Weirdness & Mutations

You can breathe waves of freezing cold which knock back foes.
Your icy white scales are hard. (AC +8)
You cannot fit into any form of body armour.
Your flesh is cold resistant. (rC+)
You are cold-blooded and may be slowed by cold attacks.
Your tail ends in a venomous barb.
Your mind is acute. (Int +4, Str/Dex -1)


Message History

You are more confused.
The golden eye blinks at you.
You are more confused.
The golden eye blinks at you.
You are more confused.
The bone dragon closely misses you. The bone dragon completely misses you.
The bone dragon tramples you.
You hold your ground!
The cyan very ugly thing claws you but does no damage.
The green very ugly thing trunk-slaps you but does no damage.
Unknown command.
You are too confused!
Unknown command.
You slash the golden eye!
You kill the golden eye!
The worldbinder hits you but does no damage.
The worldbinder barely misses you. The golden eye blinks at you.
You are more confused.
The golden eye blinks! x2; The ancient zyme barely misses you.
The ancient zyme hits you but does no damage.
The bone dragon bites you. The bone dragon claws you.
The bone dragon barely misses you. The worldbinder barely misses you.
The worldbinder hits you.
* * * LOW HITPOINT WARNING * * *
The cyan very ugly thing claws you but does no damage.
The green very ugly thing trunk-slaps you but does no damage.
You bump into the metal wall.
The worldbinder barely misses you.
The worldbinder hits you but does no damage.
The ancient zyme hits you but does no damage.
The ancient zyme barely misses you. The bone dragon bites you!
* * * LOW HITPOINT WARNING * * *
The bone dragon claws you.
* * * LOW HITPOINT WARNING * * *
The bone dragon tramples you.
* * * LOW HITPOINT WARNING * * *
You hold your ground!
The golden eye blinks at you. You resist with almost no effort.
The cyan very ugly thing claws you!
You die...
Your body crumbles into a pile of gold.

.. .... # ....
.. .... .... #..
...# # #.
....###$... ....
# # ....... ..
.... ##.
...#...#......#
.#...#.....#
..#.
#..........#G#.#
.. # . . ≈#.
#.$x#.# .. # #.
# .# ##@xu# . .
## ### #Duu§# #.
. ## . ..#G#...#
. #.
......#.##... #
#...#.#.#. ##
#.~#### # .. ...
... .# ..#


You could see a bone dragon, 3 very ugly things, an ancient zyme, a worldbinder
and 2 golden eyes.

Vanquished Creatures
  A shard shrike zombie (Abyss:2)
  A great orb of eyes (Abyss:2)
  Erica (D:11)
  A hell hog (D:10)
  A two-headed ogre (D:10)
  The ghost of Heedrag the Thaumaturge, a novice DsNe of Kikubaaqudgha (D:9)
  The ghost of Ijustatesigmund the Fighter, a novice GrAr (D:10)
  A wretched star (Abyss:2)
  The ghost of nujazz the Thaumaturge, a novice OpEE of Vehumet (D:9)
  A necromancer (Abyss:2)
  An ugly thing (D:11)
  A wizard (D:10)
  2 worldbinders
  A toenail golem (D:10)
  Maurice (D:8)
  An ancient zyme (Abyss:2)
  An unseen horror (D:11)
  A hellion (Abyss:2)
  A hornet (D:9)
  3 large abominations (Abyss:2)
  A flying skull (Abyss:2)
  2 ynoxinuls (Abyss:2)
  Sigmund (D:3)
  An air elemental (Abyss:2)
  A vampire (D:11)
  A wraith (D:10)
  6 yaks
  4 neqoxecs (Abyss:2)
  A golden eye (Abyss:2)
  A steam dragon (D:7)
  Grum (D:10)
  2 vampire mosquitoes (D:11)
  2 hell hounds
  2 water moccasins
  A naga skeleton (Abyss:2)
  5 small abominations
  An orc warrior (D:10)
  2 ice beasts (D:6)
  A sky beast (D:7)
  2 black bears (D:6)
  An ogre (D:6)
  4 wolves (D:10)
  2 centaurs
  2 phantoms
  2 bullfrogs
  7 kobold brigands
  An earth elemental (Abyss:2)
  3 necrophages
  A scorpion (D:6)
  6 killer bees (D:9)
  A howler monkey (D:11)
  6 hounds
  2 jellies
  4 gnoll boudas
  2 orc priests
  An iron imp (Abyss:2)
  Crazy Yiuf (D:2)
  7 iguanas
  2 orc wizards
  23 gnolls
  7 adders
  A shadow imp (D:5)
  3 white imps
  5 ufetubi
  7 worms
  17 orcs
  2 bats (D:2)
  5 endoplasms
  7 giant cockroaches
  4 goblins
  5 hobgoblins
  3 jackals
  4 quokkas
  5 ball pythons
  8 frilled lizards
  50 kobolds
  8 rats
  A spectral kobold (D:5)
281 creatures vanquished.

Vanquished Creatures (others)
  A hell hound (Abyss:2)
  16 plants
  5 withered plants (D:9)
22 creatures vanquished.

Grand Total: 303 creatures vanquished

Notes
Turn   | Place    | Note
-------+----------+-------------------------------------------
     0 | D:1      | Bnni the Draconian Gladiator began the quest for the Orb.
     0 | D:1      | Reached XP level 1. HP: 17/17 MP: 1/1
   252 | D:1      | Reached XP level 2. HP: 24/25 MP: 2/2
   412 | D:1      | Found a faded altar of an unknown god.
  1149 | D:2      | Reached XP level 3. HP: 7/30 MP: 3/3
  1386 | D:2      | Found a runed translucent door.
  1387 | D:2      | Noticed Crazy Yiuf
  1496 | D:2      | Killed Crazy Yiuf
  1497 | D:2      | Reached skill level 4 in Long Blades
  1497 | D:2      | Reached XP level 4. HP: 25/38 MP: 4/4
  2152 | D:3      | Reached XP level 5. HP: 45/45 MP: 5/5
  2164 | D:3      | Noticed Sigmund
  2184 | D:3      | Killed Sigmund
  2185 | D:3      | Reached skill level 5 in Long Blades
  2185 | D:3      | Reached XP level 6. HP: 35/52 MP: 6/6
  2660 | D:3      | Reached skill level 1 in Shields
  2884 | D:4      | Found an iron altar of Okawaru.
  2884 | D:4      | Found a shimmering blue altar of Sif Muna.
  2884 | D:4      | Found a hide-covered altar of Uskayaw.
  2891 | D:4      | Found a blossoming altar of Fedhas.
  2894 | D:4      | Found a shadowy altar of Dithmenos.
  2895 | D:4      | Found a sparkling altar of Nemelex Xobeh.
  2898 | D:4      | Found a white marble altar of Elyvilon.
  2900 | D:4      | Found an ancient bone altar of Kikubaaqudgha.
  3017 | D:4      | Your scales start taking on an icy white colour.
  3017 | D:4      | Reached XP level 7. HP: 54/60 MP: 7/7
  3017 | D:4      | Gained mutation: Your flesh is cold resistant. (rC+) [White
                  | Draconian growth]
  3089 | D:4      | Reached skill level 6 in Long Blades
  3100 | D:4      | Identified the +2 whip "Giul" {vorpal, Will++}
  3182 | D:4      | Identified 5 scrolls of acquirement
  3182 | D:4      | Acquired 751 gold pieces
  3239 | D:4      | Found a staircase to the Ecumenical Temple.
  3246 | Temple   | Entered the Ecumenical Temple
  3262 | Temple   | Became a worshipper of Gozag Ym Sagoz the Greedy
  3290 | D:4      | Acquired the +0 pair of gloves of Hangman {Rampage rF+}
  3297 | D:4      | Acquired a +1 double sword of holy wrath
  3300 | D:4      | Acquired 880 gold pieces
  3302 | D:4      | Acquired 1109 gold pieces
  3450 | D:4      | Bought the amulet of Deufois {rElec Regen+ Str+4} for 628
                  | gold pieces
  3556 | D:5      | Entered Level 5 of the Dungeon
  3664 | D:5      | Reached skill level 5 in Fighting
  4011 | D:5      | Found a hazy altar of Hepliaklqana.
  4091 | D:5      | Reached XP level 8. HP: 62/68 MP: 8/8
  4141 | D:5      | Found a snail-covered altar of Cheibriados.
  4146 | D:5      | Reached skill level 7 in Long Blades
  4878 | D:6      | Found Muotubban's CLEARANCE SALE!.
  4881 | D:6      | Bought a potion of cancellation for 48 gold pieces
  4896 | D:6      | Reached skill level 5 in Shields
  4927 | D:6      | Reached skill level 8 in Long Blades
  5131 | D:6      | Found a stormy altar of Qazlal.
  5134 | D:6      | Noticed an air elemental
  5148 | D:6      | Reached XP level 9. HP: 73/74 MP: 9/9
  5418 | D:6      | Found a burning altar of Makhleb.
  5442 | D:6      | Found a glowing silver altar of Zin.
  5442 | D:6      | Noticed a cacodemon
  5442 | D:6      | Noticed an angel
  5951 | D:7      | Found a glowing golden altar of the Shining One.
  6434 | D:8      | Reached skill level 9 in Long Blades
  6442 | D:8      | Gained mutation: You have hidden genetic defects. [potion
                  | of mutation]
  6442 | D:8      | Gained mutation: You passively dampen the noise of your
                  | surroundings. [potion of mutation]
  6442 | D:8      | Gained mutation: Your mind is acute. (Int +4, Str/Dex -1)
                  | [potion of mutation]
  6817 | D:8      | Noticed a moth of wrath
  6820 | D:8      | Found a bloodstained altar of Trog.
  6914 | D:8      | Found a staircase to the Lair.
  6958 | D:8      | Noticed Maurice
  6985 | D:8      | Killed Maurice
  6991 | D:8      | Gained mutation: You occasionally shout uncontrollably at
                  | your foes. [hidden defects]
  7091 | D:9      | Found a radiant altar of Vehumet.
  7106 | D:9      | Paralysed by a hornet for 1 turns
  7124 | D:9      | Reached XP level 10. HP: 65/86 MP: 10/10
  7131 | D:9      | Reached skill level 10 in Long Blades
  7133 | D:9      | Gained mutation: Potions are less effective at restoring
                  | your health. [hidden defects]
  7133 | D:9      | Lost mutation: You have hidden genetic defects. [hidden
                  | defects expressed]
  7253 | D:9      | Found a runed translucent gate.
  7254 | D:9      | Found a runed translucent gate.
  7254 | D:9      | Found a runed translucent gate.
  7255 | D:9      | Noticed Heedrag's ghost (novice DsNe)
  7256 | D:9      | Noticed nujazz's ghost (novice OpEE)
  7666 | D:9      | Killed Heedrag's ghost
  7673 | D:9      | Killed nujazz's ghost
  7735 | D:10     | Entered Level 10 of the Dungeon
  7829 | D:10     | Found a transporter.
  7831 | D:10     | Noticed a worldbinder
  7840 | D:10     | Noticed a toenail golem
  7850 | D:10     | Found a one-way gate to the infinite horrors of the Abyss.
  7850 | D:10     | Noticed Ijustatesigmund's ghost (novice GrAr)
  7851 | D:10     | Noticed a wizard
  7865 | D:10     | Identified the +8 great sword of the Thirteen Things
                  | {antimagic, rN+}
  7982 | D:10     | Noticed Grum
  7990 | D:10     | Killed Grum
  8058 | D:10     | Noticed a hell hog
  8065 | D:10     | Found a transporter.
  8337 | D:10     | Reached skill level 11 in Long Blades
  8337 | D:10     | Noticed a two-headed ogre
  8346 | D:10     | Killed a two-headed ogre
  8621 | D:10     | Bought a scroll of enchant weapon for 105 gold pieces
  8663 | Abyss:2  | Cast into level 2 of the Abyss (a wizard)
  8740 | Abyss:2  | Gained mutation: You are frail. (-10% HP) [a neqoxec]
  8743 | Abyss:2  | Reached XP level 11. HP: 85/85 MP: 11/11
  8744 | Abyss:2  | Gained mutation: You do not regenerate when monsters are
                  | visible. [a neqoxec]
  8746 | Abyss:2  | Reached skill level 10 in Shields
  8767 | Abyss:2  | Lost mutation: You occasionally shout uncontrollably at
                  | your foes. [potion of mutation]
  8767 | Abyss:2  | Lost mutation: You passively dampen the noise of your
                  | surroundings. [potion of mutation]
  8768 | Abyss:2  | Lost mutation: You do not regenerate when monsters are
                  | visible. [potion of mutation]
  8768 | Abyss:2  | Lost mutation: Potions are less effective at restoring your
                  | health. [potion of mutation]
  8768 | Abyss:2  | Gained mutation: Your tail ends in a venomous barb. [potion
                  | of mutation]
  8768 | Abyss:2  | Lost mutation: You are frail. (-10% HP) [potion of
                  | mutation]
  8807 | Abyss:2  | Noticed a necromancer
  8818 | Abyss:2  | Killed a necromancer
  8832 | Abyss:2  | Noticed a great orb of eyes
  8836 | Abyss:2  | Paralysed by an air elemental for 1 turns
  8839 | Abyss:2  | Paralysed by an air elemental for 1 turns
  8844 | Abyss:2  | Paralysed by an air elemental for 1 turns
  8850 | Abyss:2  | Killed a great orb of eyes
  8852 | Abyss:2  | Paralysed by an air elemental for 1 turns
  8868 | Abyss:2  | Found a corrupted altar of Lugonu.
  8874 | Abyss:2  | Found a corrupted altar of Lugonu.
  8874 | Abyss:2  | Found a corrupted altar of Lugonu.
  8887 | Abyss:2  | Noticed a wretched star
  8906 | Abyss:2  | Killed a wretched star
  8907 | Abyss:2  | Reached skill level 12 in Long Blades
  8909 | D:10     | Escaped the Abyss
  8913 | D:10     | Killed a wizard
  8917 | D:10     | Killed a hell hog
  8926 | D:10     | Noticed a deep elf knight
  8926 | D:10     | Noticed a deep elf knight
  8928 | D:10     | Noticed a deep elf pyromancer
  8928 | D:10     | Killed Ijustatesigmund's ghost
  8932 | D:10     | Noticed a deep elf pyromancer
  8932 | D:10     | Noticed a deep elf knight
  9079 | D:11     | Noticed Erica
  9090 | D:11     | Killed Erica
  9095 | D:11     | Noticed a cyan ugly thing
  9109 | D:11     | Killed a cyan ugly thing
  9134 | D:11     | Reached skill level 10 in Fighting
  9466 | D:11     | Noticed Erolcha
  9476 | Abyss:2  | Cast into level 2 of the Abyss (Erolcha)
  9485 | Abyss:2  | Noticed a shard shrike zombie
  9501 | Abyss:2  | Noticed a large abomination
  9505 | Abyss:2  | Killed a shard shrike zombie
  9506 | Abyss:2  | Reached skill level 13 in Long Blades
  9506 | Abyss:2  | Reached XP level 12. HP: 91/106 MP: 12/12
  9646 | Abyss:2  | Noticed a bone dragon
  9649 | Abyss:2  | Noticed a cyan very ugly thing
  9650 | Abyss:2  | Noticed a green very ugly thing
  9651 | Abyss:2  | Noticed a brown very ugly thing
  9653 | Abyss:2  | Slain by a cyan very ugly thing

Illustrated notes

Levels and vault maps discovered:
D:1:      dpeg_arrival_simpleton_a, layout_basic, serial_bayou,
          serial_bayou_pond_b, serial_bayou_pond_d, serial_bayou_lagoon_a,
          serial_bayou_ford_a, chequers_ecumenical_altar_island,
          bh_walls_and_bars
D:2:      layout_loops_ring, uniq_crazy_yiuf_cottage
D:3:      layout_basic, cheibrodos_gnoll_hut, uniq_sigmund
D:4:      layout_gridville, nicolae_overflow_hallway_of_the_gods,
          minmay_temple_entry_trees
D:5:      layout_cave_pods, nicolae_hepliaklqana_monster_ancestors,
          mainiacjoe_overflow_brackets, hangedman_abyss_or_decor_lesser_grid
D:6:      kennysheep_kobold_camp, layout_basic,
          grunt_temple_overflow_order_and_chaos_2,
          nicolae_qazlal_style_of_elements, st_stairs_7, dreamdust_wishing_well,
          grunt_decor_arrowhead, nicolae_shop_clearance
D:7:      layout_basic, nicolae_tso_carved_into_rock, supply_closet_lemuel
D:8:      layout_rooms, tgw_trog, lair_entry_dummy, corexii_leaking_fountain,
          uniq_maurice
D:9:      layout_cave_pools, overflow_temple_1_default,
          gammafunk_ghost_cemetery, hangedman_abyss_or_decor_stabs
D:10:     layout_loops_corners, gammafunk_ghost_abyssal_escape, uniq_grum
D:11:     layout_stronghold, uniq_erica, uniq_erolcha, uniq_josephine
Temple:   corrupted_temple
Abyss:2:  base: Temple, bh_abyss_negative, bh_abyss_negative,
          evilmike_abyss_exit_10, evilmike_abyss_exit_10,
          hangedman_abyss_stitches_cave, base: D:3, spicy_abyss_helpful_harpoons

Skill      XL: |  1  2  3  4  5  6  7  8  9 10 11 12 |
---------------+-------------------------------------+-----
Dodging        | 3 4 |  4.0
Fighting       | 3 4 5 6 7 8 10 | 10.3
Long Blades    | 4 5 6 8 9 11 13 | 13.3
Shields        | 1 3 6 8 9 11 12 | 12.1
Throwing       | |  1.7

Action                   |  1- 3 |  4- 6 |  7- 9 | 10-12 || total
-------------------------+-------+-------+-------+-------++-------
Melee: Long sword        |    91 |   181 |    61 |       ||   333
       Tailslap          |     8 |    29 |    56 |    56 ||   149
       Double sword      |       |       |   396 |   371 ||   767
Throw: Throwing net      |     1 |     2 |     2 |     2 ||     7
       Dart              |       |       |     1 |       ||     1
       Javelin           |       |       |     1 |       ||     1
Invok: Call Merchant     |       |       |     1 |     1 ||     2
       Potion Petition   |       |       |     3 |     2 ||     5
 Abil: Breathe Frost     |       |       |     3 |     1 ||     4
Evoke: Wand              |       |       |     1 |       ||     1
  Use: Scroll            |       |       |     6 |     9 ||    15
       Potion            |       |       |     5 |     8 ||    13
 Stab: Distracted        |       |       |     2 |     4 ||     6
       Sleeping          |       |       |     1 |       ||     1
Armor: Skin              |    23 |    68 |   186 |   171 ||   448
Dodge: Dodged            |    81 |   115 |   179 |   163 ||   538
Block: Tower shield      |       |    62 |   503 |   420 ||   985

Table legend: (Time is in decaauts)
 A = Elapsed time spent in this place.
 B = Non-inter-level travel time spent in this place.
 C = Inter-level travel time spent in this place.
 D = Time resting spent in this place.
 E = Time spent auto-exploring this place.
 F = Levels seen in this place.
 G = Mean time per level.
                   A        B        C        D        E       F      G
               +--------+--------+--------+--------+--------+-----+--------+
         Total |  10002 |   9651 |    351 |    293 |   6564 |  14 |  714.4 |
       Dungeon |   9561 |   9223 |    338 |    293 |   6559 |  11 |  869.2 |
        Temple |     32 |     19 |     13 |      0 |      5 |   1 |   32.0 |
         Abyss |    409 |    409 |      0 |      0 |      0 |   2 |  204.5 |
               +--------+--------+--------+--------+--------+-----+--------+

Top non-repeatable levels by time:
     D:6: 1368 daAuts
     D:1: 1106 daAuts
    D:10: 1093 daAuts
     D:5: 1017 daAuts
     D:2: 923 daAuts
     D:4: 888 daAuts
     D:3: 742 daAuts
     D:8: 704 daAuts
     D:9: 658 daAuts
     D:7: 634 daAuts
    D:11: 423 daAuts
 Abyss:2: 409 daAuts
  Temple: 32 daAuts
